 Dungeon Crawl Stone Soup version 0.30-a0-845-g7c6808c8ce (webtiles) character file.

Game seed: 775278718276311145

578 lunkers the Spear-Bearer (level 7, -6/57 HPs)
             Began as a Meteoran Fighter on Mar 2, 2023.
             Was an Initiate of Okawaru.
             Mangled by an orc warrior
             ... wielding a +0 glaive
              (11 damage)
             ... on level 6 of the Dungeon.
             The game lasted 00:05:40 (1575 turns).

lunkers the Spear-Bearer (Meteoran Fighter)         Turns: 1575, Time: 00:05:40

Health: -6/57      AC:  8    Str: 19    XL:     7   Next: 94%
Magic:  18/18      EV:  9    Int:  9    God:    Okawaru [......]
Gold:   141        SH:  5    Dex: 15    Spells: 6/6 levels left

rFire   . . .      SeeInvis .    a - +0 trident
rCold   . . .      Faith    .    c - +0 buckler
rNeg    . . .      Spirit   .    b - +0 scale mail
rPois   .          Reflect  .    (no helmet)
rElec   .          Rampage  .    (no cloak)
rCorr   .                        j - +0 pair of gloves
Will    +....                    (no boots) Stlth
                                 k - amulet of the acrobat
HPRegen 0.29/turn                i - ring of willpower
MPRegen 0.16/turn                r - ring of magical power

@: glowing
A: sense surroundings 1, otherworldly, glowing, explore regen
a: Renounce Religion


You were on level 6 of the Dungeon.
You worshipped Okawaru.
Okawaru was noncommittal.
You visited 1 branch of the dungeon, and saw 6 of its levels.

You collected 141 gold pieces.

Inventory:

Hand Weapons
 a - a +0 trident (weapon)
Armour
 b - a +0 scale mail (worn)
 c - a +0 buckler (worn)
 j - a +0 pair of gloves (worn)
Jewellery
 i - a ring of willpower (left hand)
 k - an amulet of the acrobat (around neck)
 q - an amulet of faith
 r - a ring of magical power (right hand)
Scrolls
 e - a scroll of teleportation
 f - 3 scrolls of identify
 l - a scroll of blinking
Potions
 d - a potion of might
 g - a potion of lignification {unknown}
 s - 3 potions of curing


   Skills:
 - Level 3.2 Fighting
 * Level 9.2 Polearms
 - Level 3.6 Armour
 - Level 3.6 Shields
 + Level 2.0 Invocations


You had 6 spell levels left.
You didn't know any spells.
Your spell library contained the following spells:

 Spells                   Type           Power      Damage    Failure   Level
 Shock                    Conj/Air       0%         1d3       83%         1
 Swiftness                Air            0%         N/A       99%         3
 Airstrike                Air            0%         2d(0-16)  100%        4


Dungeon Overview and Level Annotations

Branches:
Dungeon (6/15) Zot: 2009   Temple (0/1) D:5

Altars:
Elyvilon
Fedhas
Okawaru
Qazlal
Sif Muna
Vehumet
Yredelemnul
The Shining One

Shops:
D:1 (   D:3 [   D:5 =

Annotations:
D:3 3 runed translucent doors


Innate Abilities, Weirdness & Mutations

You passively map a small area around you.
You are easily found by Zot.
You glow in the dark.
You regain HP and MP as you explore.


Message History

Press: ? - help, Dir - move target, f/p - orc warrior
Aim: an orc warrior, wielding a +0 glaive and wearing a +0 plate armour (lightly wounded, about 37% to evade your +0 trident)
You reach to attack!
You closely miss the orc warrior.
The orc warrior is lightly wounded.
An orc wizard comes into view. It is wielding a +0 dagger.
The orc warrior closely misses you.
Unknown command.
Reach: a) +0 trident
Press: ? - help, Dir - move target, f/p - orc warrior
Aim: an orc warrior, wielding a +0 glaive and wearing a +0 plate armour (lightly wounded, about 37% to evade your +0 trident)
You reach to attack!
The orc wizard shouts!
You hit the orc warrior.
The orc warrior is moderately wounded.
The orc warrior hits you from afar with a +0 glaive.
* * * LOW HITPOINT WARNING * * *
You aren't carrying any items that you can evoke.
Unknown command.
Reach: a) +0 trident
Press: ? - help, Dir - move target, f/p - orc warrior
Aim: an orc warrior, wielding a +0 glaive and wearing a +0 plate armour (moderately wounded, about 37% to evade your +0 trident)
You reach to attack!
You hit the orc warrior but do no damage.
The orc warrior is moderately wounded.
Unknown command.
Reach: a) +0 trident
Press: ? - help, Dir - move target, f/p - orc warrior
Aim: an orc warrior, wielding a +0 glaive and wearing a +0 plate armour (moderately wounded, about 37% to evade your +0 trident)
You reach to attack!
You hit the orc warrior.
The orc warrior is moderately wounded.
The orc warrior hits you from afar with a +0 glaive!
* * * LOW HITPOINT WARNING * * *
Reach: a) +0 trident
Press: ? - help, Dir - move target, f/p - orc warrior
Aim: an orc warrior, wielding a +0 glaive and wearing a +0 plate armour (moderately wounded, about 37% to evade your +0 trident)
You reach to attack!
You hit the orc warrior but do no damage.
The orc warrior is moderately wounded.
The orc warrior hits you from afar with a +0 glaive!
You die...

, ,.#.....#..##......##
, ,
..[.........#..)...# ,
#.......#...#....... *
* .......###........# *
* ................# , *
#..............# , , *
###...#.....###### *
*,##.....#.....##### *
* * #.@.##...........#
, *
...ooo...###..........#
,/.######.#
#..........# * * #.#
##....#...## * ...
#....#...# * ,
..............# ,
...#..........# * ,
?...##.........# * ,,
#..#.....##


You could see an orc warrior, an orc priest and an orc wizard.

Vanquished Creatures
  A sky beast (D:6)
  An ogre (D:5)
  An orc priest (D:4)
  2 hounds
  2 sleepcaps
  Ijyb (D:3)
  2 iguanas
  4 orc wizards
  4 adders
  A worm (D:4)
  2 dart slugs
  10 orcs
  6 endoplasms
  3 giant cockroaches
  3 goblins
  5 hobgoblins
  3 quokkas
  3 ball pythons
  A bat (D:1)
  3 frilled lizards
  2 kobolds
  3 rats
63 creatures vanquished.

Notes
Turn   | Place    | Note
-------+----------+-------------------------------------------
     0 | D:1      | lunkers the Meteoran Fighter began the quest for the Orb.
     0 | D:1      | Reached XP level 1. HP: 19/19 MP: 2/2
    56 | D:1      | Reached skill level 3 in Polearms
    56 | D:1      | Reached XP level 2. HP: 26/26 MP: 3/3
   114 | D:1      | Found Xecehat's Weapon Emporium.
   245 | D:2      | You fall into a shaft and drop 1 floor!
   293 | D:3      | Reached XP level 3. HP: 31/31 MP: 4/4
   306 | D:3      | Reached skill level 4 in Polearms
   310 | D:3      | Reached XP level 4. HP: 25/38 MP: 5/5
   319 | D:3      | Reached skill level 5 in Polearms
   327 | D:3      | Found Yroobolu's Antique Armour Shoppe.
   380 | D:3      | Noticed Ijyb
   417 | D:3      | Killed Ijyb
   418 | D:3      | Reached XP level 5. HP: 27/45 MP: 6/6
   489 | D:3      | Found a stormy altar of Qazlal.
   525 | D:3      | Reached skill level 6 in Polearms
   624 | D:3      | Found a runed translucent gate.
   624 | D:3      | Found a runed translucent gate.
   625 | D:3      | Found a runed translucent gate.
   799 | D:4      | Reached XP level 6. HP: 29/51 MP: 7/7
   811 | D:4      | Reached skill level 7 in Polearms
  1023 | D:5      | Entered Level 5 of the Dungeon
  1064 | D:5      | Noticed an ogre
  1071 | D:5      | Killed an ogre
  1072 | D:5      | Reached skill level 8 in Polearms
  1072 | D:5      | Reached XP level 7. HP: 44/57 MP: 8/8
  1128 | D:5      | Found a blossoming altar of Fedhas.
  1129 | D:5      | Found a shimmering blue altar of Sif Muna.
  1132 | D:5      | Found a radiant altar of Vehumet.
  1134 | D:5      | Found an iron altar of Okawaru.
  1135 | D:5      | Found a glowing golden altar of the Shining One.
  1142 | D:5      | Became a worshipper of Warmaster Okawaru
  1173 | D:5      | Found Uxkut's Jewellery Shoppe.
  1311 | D:5      | Found a white marble altar of Elyvilon.
  1380 | D:5      | Found a basalt altar of Yredelemnul.
  1461 | D:5      | Found a staircase to the Ecumenical Temple.
  1484 | D:6      | Reached skill level 9 in Polearms
  1484 | D:6      | Reached skill level 1 in Invocations
  1575 | D:6      | Mangled by an orc warrior

Illustrated notes

Levels and vault maps discovered:
D:1:      scummos_arrival_hexagon, layout_loops_cross, serial_shops,
          nicolae_shop_behind_doors, minmay_box_of_dots
D:2:      layout_basic, serial_shops,
          nicolae_shop_temple_entry_statues_fountains, minmay_puff, uniq_terence
D:3:      wander_river, layout_basic, mainiacjoe_overflow_24_doors,
          serial_shops, shop, gammafunk_ghost_icy, minmay_misc_feat_rows,
          uniq_crazy_yiuf_cottage, uniq_ijyb
D:4:      layout_rooms, grunt_ministairs_12
D:5:      layout_rooms, kennysheep_ying_yang, grunt_temple_overflow_open,
          serial_shops, nicolae_shop_competitors_out_of_business,
          minmay_misc_feat_hallway
D:6:      layout_cave_pools

Skill      XL: |  1  2  3  4  5  6  7 |
---------------+----------------------+-----
Polearms       | 3 4 5 6 8 9 |  9.2
Invocations    | 2 |  2.0
Fighting       | |  3.2
Armour         | |  3.6
Shields        | |  3.6

Action                     |  1- 3 |  4- 6 |  7- 9 || total
---------------------------+-------+-------+-------++-------
  Melee: Trident           |    48 |   159 |    61 ||   268
    Use: Scroll            |       |     9 |     2 ||    11
 Armour: Scale mail        |    10 |    64 |    22 ||    96
  Dodge: Dodged            |    12 |    31 |    10 ||    53
  Block: Buckler           |     3 |    17 |     5 ||    25

Table legend: (Time is in decaauts)
 A = Elapsed time spent in this place.
 B = Non-inter-level travel time spent in this place.
 C = Inter-level travel time spent in this place.
 D = Time resting spent in this place.
 E = Time spent auto-exploring this place.
 F = Levels seen in this place.
 G = Mean time per level.
                   A        B        C        D        E       F      G
               +--------+--------+--------+--------+--------+-----+--------+
         Total |   1589 |   1582 |      7 |      0 |   1008 |   6 |  264.8 |
       Dungeon |   1589 |   1582 |      7 |      0 |   1008 |   6 |  264.8 |
               +--------+--------+--------+--------+--------+-----+--------+

Top non-repeatable levels by time:
     D:3: 463 daAuts
     D:5: 443 daAuts
     D:4: 330 daAuts
     D:1: 250 daAuts
     D:6: 101 daAuts
